 Dungeon Crawl Stone Soup version 0.28-a0-563-gf77a47075d (webtiles) character file.

Game seed: 7962585968336008787

1573 EnegeticOcto the Merchant of Misery (level 9, -4/45 (48) HPs)
             Began as a Kobold Summoner on Sept 29, 2021.
             Was a Believer of Kikubaaqudgha.
             Slain by a wight (13 damage)
             ... on level 6 of the Dungeon on Sept 30, 2021.
             The game lasted 00:21:36 (9960 turns).

EnegeticOcto the Merchant of Misery (KoSu)          Turns: 9960, Time: 00:21:37

HP:   -4/45 (48)    AC:  3    Str:  5    XL:     9   Next: 13%
MP:   10/13         EV: 15    Int: 25    God:    Kikubaaqudgha [**....]
Gold: 119           SH:  0    Dex: 16    Spells: 2/14 levels left

rFire   . . .      SeeInvis .   e - +0 dagger (venom)
rCold   . . .      Faith    .   (shield restricted)
rNeg    + . .      Spirit   .   a - +0 robe
rPois   .          Reflect  .   (no helmet)
rElec   .          Harm     .   (no cloak)
rCorr   .          Rampage  .   (no gloves)
Will    .....                   i - +0 pair of boots
Stlth   +++.......              (no amulet)
HPRegen 0.15/turn               l - +6 ring of intelligence
MPRegen 0.13/turn               s - ring of positive energy

@: drained
A: small, no large weapons, nightstalker 3
a: Renounce Religion, Receive Corpses


You were on level 6 of the Dungeon.
You worshipped Kikubaaqudgha.
Kikubaaqudgha was pleased with you.
You visited 1 branch of the dungeon, and saw 6 of its levels.

You collected 197 gold pieces.
You spent 78 gold pieces at shops.

Inventory:

Hand Weapons
 e - a +0 dagger of venom (weapon)
   (You took it off a goblin on level 1 of the Dungeon)
 o - a +1 short sword of venom
   (You took it off Duvessa on level 4 of the Dungeon)
 p - a +0 vorpal trident
   (You found it on level 4 of the Dungeon)
Missiles
 r - 5 datura-tipped darts
Armour
 a - a +0 robe (worn)
 i - a +0 pair of boots (worn)
   (You found it on level 2 of the Dungeon)
Jewellery
 l - a +6 ring of intelligence (left hand)
   (You found it on level 5 of the Dungeon)
 s - a ring of positive energy (right hand)
   (You found it on level 6 of the Dungeon)
Scrolls
 b - 2 scrolls of enchant weapon {unknown}
 c - 2 scrolls of magic mapping {@r5 !r}
 d - 2 scrolls of brand weapon
 f - a scroll of vulnerability
 g - 2 scrolls of noise {unknown}
 j - a scroll of silence
 k - a scroll of immolation
 n - a scroll of torment
 t - a scroll of fear {!r}
Potions
 h - a potion of curing {@q1 !q}
 m - a potion of berserk rage
 q - 2 potions of lignification {@q6}


   Skills:
 - Level 2.0 Fighting
 - Level 2.4 Dodging
 - Level 3.0 Stealth
 - Level 3.0 Spellcasting
 + Level 2.1 Hexes
 + Level 5.5 Summonings
 - Level 9.3 Necromancy


You had 2 spell levels left.
You knew the following spells:

 Your Spells              Type           Power      Damage    Failure   Level
a - Vampiric Draining     Necr           25%        2d9       1%          3
b - Summon Small Mammal   Summ           100%       N/A       1%          1
c - Call Imp              Summ           31%        N/A       1%          2
d - Summon Guardian Gole  Hex/Summ       22%        N/A       6%          3
z - Call Canine Familiar  Summ           31%        N/A       3%          3

Your spell library contained the following spells:

 Spells                   Type           Power      Damage    Failure   Level
 Animate Skeleton         Necr           100%       N/A       1%          1
 Pain                     Necr           100%       1d9       1%          1
 Sublimation of Blood     Necr           25%        N/A       1%          2
 Apportation              Tloc           6%         N/A       10%         1
 Freeze                   Ice            12%        1d4       10%         1
 Blink                    Tloc           N/A        N/A       16%         2
 Frozen Ramparts          Ice            6%         1d2       30%         3
 Lesser Beckoning         Tloc           3%         N/A       30%         3
 Stone Arrow              Conj/Erth      6%         3d7       30%         3
 Animate Armour           Summ/Erth      34%        N/A       32%         4
 Summon Lightning Spire   Summ/Air       17%        N/A       32%         4
 Hailstorm                Conj/Ice       3%         3d3       69%         4
 Alistair's Intoxication  Tmut/Pois      2%         N/A       95%         5
 Manifold Assault         Tloc           3%         N/A       95%         5
 Invisibility             Hex            7%         N/A       100%        6
 Lehudib's Crystal Spear  Conj/Erth      1%         10d2      100%        8


Dungeon Overview and Level Annotations

Branches:
Dungeon (6/15)             Temple (0/1) D:5

Altars:
Cheibriados
Hepliaklqana
Kikubaaqudgha
Sif Muna
Uskayaw
Vehumet

Shops:
D:2 :   D:3 !

Annotations:
D:5 Eustachio
D:6 Edmund


Innate Abilities, Weirdness & Mutations

You are small and have problems with some larger weapons.
You are completely attuned to the shadows.


Message History

Your hound bites the necrophage but does no damage.
Your hound bites the necrophage.
The necrophage hits your hound.
Your hound bites the necrophage.
The necrophage hits your hound.
Your hound bites the necrophage.
Your hound bites the necrophage.
Your shadow imp barely misses the necrophage.
The necrophage hits your hound!
Your hound closely misses the necrophage.
Your shadow imp barely misses the necrophage.
The necrophage hits your hound.
Your hound dies!
Your hound's corpse disappears in a puff of smoke!
Your shadow imp hits the necrophage.
The necrophage is destroyed!
Kikubaaqudgha accepts your kill.
Your Hexes skill increases to level 2!
You start resting.
Magic restored.
You see here a necrophage corpse.
The adder hisses angrily.
The adder closely misses you.
You closely miss the adder. The adder barely misses you.
The adder closely misses you.
You hit the adder.
The adder is poisoned.
The adder is moderately wounded.
Your shadow imp misses the adder.
The adder bites you.
You hit the adder.
The adder looks as sick as possible!
The adder is severely wounded.
You kill the adder!
Kikubaaqudgha accepts your kill.
HP restored.
u - 3 scrolls of identify {@r1}
As you read the scroll of identify {@r1}, it crumbles to dust.
j - a scroll of silence
As you read the scroll of identify {@r1}, it crumbles to dust.
n - a scroll of torment
As you read the scroll of identify {@r1}, it crumbles to dust.
t - a scroll of fear
Found a stone staircase leading down.
You pick up a book of Party Tricks and begin reading...
You add the spells Apportation, Alistair's Intoxication and Invisibility to your library.
You swap places.
You set off the alarm!
A sentinel's mark forms upon you.
You hear an angry hiss.
A wight is nearby!
Casting: Call Imp (safe; 1% risk of failure)
Confirm with . or Enter, or press ? or * to list all spells.
You miscast Summon Guardian Golem.
You are very lightly contaminated with residual magic.
Nothing appears to happen.
Casting: Summon Guardian Golem (dangerous; 6% risk of failure)
Confirm with . or Enter, or press ? or * to list all spells.
A guardian golem appears, shielding your allies.
The wight hits you with the +5 whip of Jankutoo {vorpal, *Noise Str+6 Dex+4}!
You partially resist.
You feel drained.
Your shadow imp hits the wight.
The wight barely misses your guardian golem.
Your shadow imp hits the wight.
The wight hits your guardian golem with the +5 whip of Jankutoo {vorpal, *Noise Str+6 Dex+4}.
Your shadow imp hits the wight but does no damage.
The wight hits your guardian golem with the +5 whip of Jankutoo {vorpal, *Noise Str+6 Dex+4}.
Your shadow imp hits the wight but does no damage.
The wight hits your guardian golem but does no damage.
Your shadow imp hits the wight but does no damage.
Your shadow imp barely misses the wight.
The wight hits you with the +5 whip of Jankutoo {vorpal, *Noise Str+6 Dex+4}.
Your magical contamination has completely faded away.
You swap places.
The wight misses your shadow imp.
Your shadow imp barely misses the wight.
The wight hits you with the +5 whip of Jankutoo {vorpal, *Noise Str+6 Dex+4}!
The wight hits your guardian golem with a +0 scimitar of draining!
Your shadow imp hits the wight.
The wight hits your guardian golem with a +0 scimitar of draining!
Your guardian golem overheats!
The sentinel's mark upon you fades away.
An iguana comes into view.
Flame seeps out of your guardian golem.
Your guardian golem is engulfed in blazing flames.
Flame seeps out of your guardian golem. The iguana bites you!
* * * LOW HITPOINT WARNING * * *
The iguana closely misses you. The iguana bites you.
* * * LOW HITPOINT WARNING * * *
Okay, then.
Okay, then.
Okay, then.
Really quaff
h - 3 potions of curing {@q1 !q}?
You feel better.
The wight hits you with the +5 whip of Jankutoo {vorpal, *Noise Str+6 Dex+4}!
* * * LOW HITPOINT WARNING * * *
You partially resist.
You feel drained.
* * * LOW HITPOINT WARNING * * *
x2 The wight misses you.
Really quaff
h - 2 potions of curing {@q1 !q}?
You feel better.
The wight hits you with the +5 whip of Jankutoo {vorpal, *Noise Str+6 Dex+4}!
You die...
Kikubaaqudgha rasps: "You have failed me!
Welcome... death!"

#####
####.###
#......#
#.##.#.#
####.#.....#
##..........#
+...........#
##○#....#...#
#.##.....z.#
#.##.5.9lz@#
#>....5....#
#####.######
#.# #.# #.#
########.#
#.....##.#
#.###.##.#


You could see an iguana, 2 wights, a friendly guardian golem (summoned, inner
flame) and a friendly shadow imp (summoned, sheltered).

Vanquished Creatures
  A centaur (D:5)
  Dowan (D:4)
  A bullfrog zombie (D:6)
  A jelly (D:5)
  An orc priest (D:6)
  2 hounds
  2 iguanas
  An orc wizard (D:5)
  3 hound zombies (D:4)
  3 adders
  2 gnolls (D:6)
  A shadow imp (D:5)
  An adder skeleton (D:4)
  2 worms
  5 dart slugs
  9 orcs
  2 endoplasms
  3 giant cockroaches
  2 goblins
  A hobgoblin (D:4)
  2 quokkas
  4 ball pythons
  2 bats
  A kobold (D:1)
  3 rats
56 creatures vanquished.

Vanquished Creatures (collateral kills)
  Duvessa (D:4)
  An ogre (D:4)
  A necrophage (D:6)
  2 centaurs
  A water moccasin zombie (D:4)
  A water moccasin skeleton (D:4)
  2 centaur zombies (D:4)
  An orc priest (D:4)
  An iguana (D:2)
  2 scorpion zombies (D:4)
  Terence (D:2)
  2 bullfrog skeletons
  6 hound zombies (D:4)
  A gnoll (D:6)
  2 adders
  5 adder zombies (D:4)
  2 worms
  2 dart slugs (D:1)
  4 orcs
  4 bats
  3 endoplasms
  3 giant cockroaches
  4 goblins
  4 hobgoblins
  2 jackals (D:1)
  3 quokkas
  3 ball pythons
  2 frilled lizards
  2 kobolds
  A quokka zombie (D:4)
  2 rats (D:1)
71 creatures vanquished.

Vanquished Creatures (others)
  2 wights (D:6)
  2 withered plants (D:4)
4 creatures vanquished.

Grand Total: 131 creatures vanquished

Notes
Turn   | Place    | Note
-------+----------+-------------------------------------------
     0 | D:1      | EnegeticOcto the Kobold Summoner began the quest for the
                  | Orb.
     0 | D:1      | Reached XP level 1. HP: 10/10 MP: 3/3
    48 | D:1      | Reached skill level 3 in Stealth
   426 | D:1      | Reached XP level 2. HP: 15/15 MP: 0/5
   481 | D:1      | Learned a level 2 spell: Call Imp
   828 | D:1      | Found a faded altar of an unknown god.
   968 | D:1      | Became a worshipper of Kikubaaqudgha
   968 | D:1      | Reached * piety under Kikubaaqudgha
   968 | D:1      | Received a gift from Kikubaaqudgha
  1023 | D:1      | Reached XP level 3. HP: 12/19 MP: 1/6
  1616 | D:1      | Reached skill level 5 in Summonings
  2030 | D:2      | Found Teofozut's Book Emporium.
  2308 | D:2      | Noticed Terence
  2338 | D:2      | Reached skill level 2 in Fighting
  2338 | D:2      | Reached XP level 4. HP: 26/26 MP: 1/7
  2403 | D:2      | Learned a level 3 spell: Call Canine Familiar
  3407 | D:2      | Killed Terence
  3408 | D:2      | Reached skill level 3 in Spellcasting
  3408 | D:2      | Reached XP level 5. HP: 29/30 MP: 2/9
  3517 | D:3      | Reached skill level 1 in Necromancy
  3600 | D:3      | Found Hogis's Distillery.
  3605 | D:3      | Bought a potion of curing for 39 gold pieces
  3708 | D:3      | Found a hide-covered altar of Uskayaw.
  4024 | D:3      | Noticed a centaur
  4055 | D:3      | Killed a centaur
  4056 | D:3      | Reached skill level 3 in Necromancy
  4056 | D:3      | Reached XP level 6. HP: 16/35 MP: 1/10
  4259 | D:3      | Found a shimmering blue altar of Sif Muna.
  4555 | D:3      | Bought a potion of curing for 39 gold pieces
  4833 | D:4      | Learned a level 3 spell: Vampiric Draining
  4959 | D:4      | Reached skill level 4 in Necromancy
  5349 | D:4      | Reached XP level 7. HP: 40/40 MP: 3/11
  5437 | D:4      | Reached skill level 5 in Necromancy
  5736 | D:4      | Reached ** piety under Kikubaaqudgha
  5900 | D:4      | Reached skill level 6 in Necromancy
  6422 | D:4      | Reached XP level 8. HP: 44/44 MP: 4/12
  6428 | D:4      | Reached skill level 7 in Necromancy
  6877 | D:4      | Noticed Duvessa
  6881 | D:4      | Noticed Dowan
  6906 | D:4      | Killed Duvessa
  7191 | D:4      | Killed Dowan
  7291 | D:4      | Reached skill level 8 in Necromancy
  7500 | D:5      | Entered Level 5 of the Dungeon
  7501 | D:5      | Upgraded the game from 0.28-a0-561-gc72452776e to
                  | 0.28-a0-563-gf77a47075d
  7747 | D:5      | Found an ancient bone altar of Kikubaaqudgha.
  7748 | D:5      | Found a snail-covered altar of Cheibriados.
  7748 | D:5      | Found a radiant altar of Vehumet.
  7916 | D:5      | Found a hazy altar of Hepliaklqana.
  7978 | D:5      | Noticed Eustachio
  7984 | D:5      | Found a staircase to the Ecumenical Temple.
  8806 | D:6      | Reached skill level 9 in Necromancy
  8948 | D:6      | Noticed Edmund
  9071 | D:6      | Noticed a troll
  9384 | D:6      | Learned a level 3 spell: Summon Guardian Golem
  9451 | D:6      | Reached XP level 9. HP: 48/48 MP: 9/13
  9593 | D:6      | Identified the +5 whip of Jankutoo {vorpal, *Noise Str+6
                  | Dex+4}
  9667 | D:6      | Reached skill level 1 in Hexes
  9811 | D:6      | Reached skill level 2 in Hexes
  9958 | D:6      | HP: 2/45 [wight (1)]
  9960 | D:6      | Slain by a wight

Illustrated notes

Levels and vault maps discovered:
D:1:      dpeg_arrival_oval, layout_rooms, ebering_ecumenical_altar_webs
D:2:      layout_basic, serial_shops, shop, uniq_terence
D:3:      layout_loops_ring, eat_drink_and_be_merry_uskayaw,
          nicolae_sif_muna_condensation, serial_shops, shop
D:4:      layout_loops_corners, serial_undead, serial_undead_b, serial_undead_b,
          serial_undead_b, serial_undead_b, serial_undead_a, serial_undead_e,
          serial_undead_f, serial_undead_e, minmay_fractal_squares_gapless_5,
          uniq_duvessa
D:5:      layout_basic, chequers_temple_overflow_statue_of_worship,
          uniq_eustachio
D:6:      minmay_chambers_of_sixes, layout_loops_corners, uniq_grinder,
          uniq_edmund

Skill      XL: |  1  2  3  4  5  6  7  8  9 |
---------------+----------------------------+-----
Stealth        | 3 |  3.0
Summonings     | 5 |  5.5
Fighting       | 2 |  2.0
Spellcasting   | 3 |  3.0
Necromancy     | 3 4 6 9 |  9.3
Hexes          | 2 |  2.1
Dodging        | |  2.4

Action                   |  1- 3 |  4- 6 |  7- 9 || total
-------------------------+-------+-------+-------++-------
Melee: Unarmed           |    17 |       |       ||    17
       Dagger            |     9 |   109 |    97 ||   215
 Cast: Summon Small Mamm |    19 |    10 |    21 ||    50
       Call Imp          |    20 |    20 |    13 ||    53
       Call Canine Famil |       |    13 |    36 ||    49
       Vampiric Draining |       |       |    21 ||    21
       Summon Guardian G |       |       |     2 ||     2
  Use: Potion            |       |     4 |     2 ||     6
       Scroll            |       |     3 |     8 ||    11
 Stab: Sleeping          |     1 |    10 |    19 ||    30
       Distracted        |       |     1 |     2 ||     3
Armor: Robe              |     5 |    39 |    19 ||    63
Dodge: Dodged            |    18 |   126 |   116 ||   260

Table legend: (Time is in decaauts)
 A = Elapsed time spent in this place.
 B = Non-inter-level travel time spent in this place.
 C = Inter-level travel time spent in this place.
 D = Time resting spent in this place.
 E = Time spent auto-exploring this place.
 F = Levels seen in this place.
 G = Mean time per level.
                   A        B        C        D        E       F      G
               +--------+--------+--------+--------+--------+-----+--------+
         Total |   9962 |   9821 |    141 |   2565 |   5447 |   6 | 1660.3 |
       Dungeon |   9962 |   9821 |    141 |   2565 |   5447 |   6 | 1660.3 |
               +--------+--------+--------+--------+--------+-----+--------+

Top non-repeatable levels by time:
     D:4: 2781 daAuts
     D:1: 1820 daAuts
     D:2: 1681 daAuts
     D:5: 1500 daAuts
     D:3: 1216 daAuts
     D:6: 962 daAuts
